Hartford Whalers vs Philadelphia Flyers
Created - Thursday, March 21, 2024 at 08:09
Goals
|
| Hartford Whalers |
1 |
2 |
2 |
5 |
| Philadelphia Flyers |
0 |
1 |
0 |
1 |
|
Shots
|
| Hartford Whalers |
3 |
17 |
17 |
37 |
| Philadelphia Flyers |
6 |
19 |
4 |
29 |
|
1st period
1. Hartford Whalers , Alexis Lafreniere 7 (Joshua Norris 12, Olli Maatta 3) at 6:25
Penalties :
Radek Faksa (PHI) for Hooking (Minor) at 6:48, Casey Cizikas (HFD) for Cross-checking (Minor) at 11:07
2nd period
2. Philadelphia Flyers , Elias Lindholm 8 (Auston Matthews 17, Ben Chiarot 7) at 2:08
3. Hartford Whalers , Andre Burakovsky 17 (Joshua Norris 13, Thomas Chabot 15) at 10:38 (PP)
4. Hartford Whalers , Alexander Wennberg 17 (Taylor Hall 21) at 11:47
Penalties :
Marcus Foligno (HFD) for Slashing (Minor) at 5:03, Ben Chiarot (PHI) for Slashing (Minor) at 9:00, Marcus Foligno (HFD) for Holding (Minor) at 13:01, Sonny Milano (PHI) for Fighting (Major) at 19:48, Marcus Foligno (HFD) for Fighting (Major) at 19:48, Marcus Foligno (HFD) for instigated a fight (Minor) at 19:48, Marcus Foligno (HFD) for instigated a fight (10 Minutes Misconduct) at 19:48
3rd period
5. Hartford Whalers , Alexander Wennberg 18 (Olli Maatta 4, Josh Anderson 13) at 0:38 (SH)
6. Hartford Whalers , Joshua Norris 13 (Andre Burakovsky 14) at 5:19 (PP)
Penalties :
Joel Edmundson (HFD) for Hooking (Minor) at 2:21, Jesper Fast (PHI) for Hooking (Minor) at 4:45
Goalie Stats
Semyon Varlamov (HFD), 28 saves from 29 shots - (0.966), W, 10-17-3, 60:00 minutes
Connor Ingram (PHI), 32 saves from 37 shots - (0.865), L, 10-10-5, 60:00 minutes
Players Stats for Hartford Whalers
Player Name G A P +/- PIM S H SB GA TA FO MP PP MP PK MP
------------------------------------------------------------------------------------
Alexander Wennberg 2 0 2 2 0 5 1 0 2 1 10/23 22:20 1:46 5:03
Alexis Lafreniere 1 0 1 0 0 1 1 0 0 1 0/0 15:43 2:22 0:05
Andre Burakovsky 1 1 2 0 0 6 2 1 0 1 0/0 15:51 2:22 0:00
Casey Cizikas 0 0 0 0 2 1 2 0 0 0 6/14 14:51 0:03 3:50
Eetu Luostarinen 0 0 0 0 0 1 2 3 1 0 0/0 15:32 0:00 4:49
Erik Cernak 0 0 0 0 0 2 1 2 0 1 0/0 20:44 0:00 5:19
Jaccob Slavin 0 0 0 0 0 1 0 0 0 4 0/0 23:39 2:50 0:54
Joel Edmundson 0 0 0 0 2 0 3 2 0 0 0/0 19:52 0:00 4:25
Josh Anderson 0 1 1 1 0 2 3 0 1 0 2/2 16:08 0:03 5:01
Joshua Norris 1 2 3 0 0 2 2 0 0 0 5/17 16:45 2:22 1:02
Marcus Foligno 0 0 0 0 21 0 2 0 0 0 0/0 6:02 0:03 0:00
Mike Hoffman 0 0 0 0 0 1 1 0 0 0 0/0 6:39 0:00 0:00
Nikita Zaitsev 0 0 0 2 0 0 0 1 0 0 0/0 16:31 1:21 4:36
Olli Maatta 0 2 2 2 0 2 1 2 0 1 0/0 16:31 1:21 4:36
Ryan Strome 0 0 0 0 0 0 0 0 0 0 0/1 6:39 0:00 0:00
T.J. Oshie 0 0 0 1 0 8 1 0 0 0 1/2 16:44 1:46 0:00
Taylor Hall 0 1 1 1 0 5 0 0 0 0 4/5 16:44 1:46 0:00
Thomas Chabot 0 1 1 0 0 0 2 0 0 1 0/0 22:45 2:50 0:00
Players Stats for Philadelphia Flyers
Player Name G A P +/- PIM S H SB GA TA FO MP PP MP PK MP
------------------------------------------------------------------------------------
Artem Zub 0 0 0 -1 0 0 2 0 0 0 0/0 18:15 0:00 2:41
Auston Matthews 0 1 1 -1 0 2 3 0 1 0 9/19 22:27 5:00 1:01
Ben Chiarot 0 1 1 0 2 3 1 1 0 0 0/0 22:39 4:56 1:30
Bryan Rust 0 0 0 -1 0 2 3 0 1 0 1/1 19:04 4:45 2:10
Elias Lindholm 1 0 1 0 0 3 0 0 3 1 9/17 20:24 6:21 1:29
Jesper Fast 0 0 0 0 2 2 0 1 0 0 1/1 13:23 0:08 1:42
Justin Faulk 0 0 0 -2 0 2 3 1 0 0 0/0 22:38 4:59 1:31
Mackenzie MacEachern 0 0 0 0 0 1 1 0 0 0 0/0 11:31 0:00 0:00
Marcus Johansson 0 0 0 -1 0 1 0 0 0 0 3/5 14:17 2:25 0:19
Matt Duchene 0 0 0 -2 0 3 0 0 2 0 0/0 15:56 4:52 0:33
Matt Roy 0 0 0 0 0 4 3 3 0 0 0/0 23:50 4:56 2:40
Matthew Peca 0 0 0 -1 0 1 0 0 0 0 5/6 11:59 0:16 0:00
Max Pacioretty 0 0 0 0 0 0 1 0 1 0 0/0 5:25 0:55 0:00
Oliver Ekman-Larsson 0 0 0 -1 0 1 3 3 0 1 0/0 19:05 4:59 0:00
Radek Faksa 0 0 0 0 2 0 1 0 1 0 7/11 12:39 0:00 1:08
Scott Harrington 0 0 0 0 0 0 1 1 0 0 0/0 13:32 0:00 0:00
Sonny Milano 0 0 0 -1 5 1 1 0 0 1 0/2 11:42 0:08 0:02
Vladimir Tarasenko 0 0 0 1 0 3 0 0 1 1 1/2 17:01 4:55 0:00
3 Stars
1 - Alexander Wennberg (HFD)
2 - Joshua Norris (HFD)
3 - Semyon Varlamov (HFD)
Power Play
Hartford Whalers - 2 on 3 Attempt(s) - 66.67%
Philadelphia Flyers - 0 on 5 Attempt(s) - 0.00%
Penalty Kill
Hartford Whalers - 5 on 5 Attempt(s) - 100.00%
- Score 1 goal in Penalty Kill
Philadelphia Flyers - 1 on 3 Attempt(s) - 33.33%
- Score 0 goal in Penalty Kill
Team Stat
Hartford Whalers - Hits : 24 - Faceoff Wins : 28 - Blocked Shots : 11 - Penalty Minutes : 25
Philadelphia Flyers - Hits : 23 - Faceoff Wins : 36 - Blocked Shots : 10 - Penalty Minutes : 11
Official
Referees : Mike Leggo and Wes McCauley
Linesman : David Brisebois and Brian Mach
Game Notes
Max Pacioretty is injured at 17:00 of 1st period (Right Foot)
Sonny Milano beats up Marcus Foligno at 19:48 of 2nd period
Finance
Level 1 -- Attendance: 5747 (95.78%) -- Ticket Income $522,977
Level 2 -- Attendance: 4822 (96.44%) -- Ticket Income $250,744
Level 3 -- Attendance: 2712 (90.40%) -- Ticket Income $75,936
Level 4 -- Attendance: 4647 (92.94%) -- Ticket Income $83,646
Luxury Box -- Attendance: 963 (96.30%) -- Ticket Income $182,970
Game was played at the Wells Fargo Center.
Total Attendance: 18891 (94.46%)
Total Ticket Income: $1,116,273
Other Income: $390,696
Total Income: $1,506,969
Hartford Whalers
5 vs 5 Forward
Center Left Wing Right Wing Time % Phy DF OF
1 Alexander Wennberg Taylor Hall T.J. Oshie 35 1 2 2
2 Joshua Norris Andre Burakovsky Alexis Lafreniere 30 1 2 2
3 Casey Cizikas Eetu Luostarinen Josh Anderson 25 1 2 2
4 Ryan Strome Mike Hoffman Marcus Foligno 10 1 2 2
5 vs 5 Defense
Defense Defense Time % Phy DF OF
1 Jaccob Slavin Thomas Chabot 38 1 2 2
2 Joel Edmundson Erik Cernak 37 1 3 1
3 Olli Maatta Nikita Zaitsev 25 1 2 2
4 Jaccob Slavin Thomas Chabot 0 1 2 2
PowerPlay Forward
Center Left Wing Right Wing Time % Phy DF OF
1 Alexander Wennberg Taylor Hall T.J. Oshie 50 1 1 3
2 Joshua Norris Andre Burakovsky Alexis Lafreniere 50 2 1 2
PowerPlay Defense
Defense Defense Time % Phy DF OF
1 Thomas Chabot Jaccob Slavin 50 1 1 3
2 Olli Maatta Nikita Zaitsev 50 1 2 2
Penalty Kill 4 Players Forward
Center Wing Time % Phy DF OF
1 Casey Cizikas Eetu Luostarinen 50 1 4 0
2 Alexander Wennberg Josh Anderson 50 1 4 0
Penalty Kill 4 Players Defense
Defense Defense Time % Phy DF OF
1 Joel Edmundson Erik Cernak 50 2 3 0
2 Olli Maatta Nikita Zaitsev 50 1 4 0
Penalty Kill - 3 Players Forward
Forward Time % Phy DF OF
1 Casey Cizikas 50 1 4 0
2 Alexander Wennberg 50 1 4 0
Penalty Kill - 3 Players Defense
Defense Defense Time % Phy DF OF
1 Joel Edmundson Erik Cernak 50 2 3 0
2 Jaccob Slavin Nikita Zaitsev 50 1 4 0
4 vs 4 Forward
Center Wing Time % Phy DF OF
1 Alexander Wennberg Andre Burakovsky 50 1 2 2
2 Casey Cizikas Josh Anderson 50 1 2 2
4 vs 4 Defense
Defense Defense Time % Phy DF OF
1 Thomas Chabot Jaccob Slavin 50 1 2 2
2 Joel Edmundson Erik Cernak 50 2 2 1
Last Minutes Offensive
Center Left Wing Right Wing Defense Defense
Alexander Wennberg Alexis Lafreniere Andre Burakovsky Thomas Chabot Jaccob Slavin
Last Minutes Defensive
Center Left Wing Right Wing Defense Defense
Casey Cizikas Eetu Luostarinen Josh Anderson Joel Edmundson Erik Cernak
Goaltenders
Starting : Semyon Varlamov
Backup : Anton Forsberg
Extra Forwards
Normal : Andre Burakovsky, Joshua Norris, Alexis Lafreniere - PP : Andre Burakovsky, Taylor Hall - PK : Casey Cizikas
Extra Defensemen
Normal : Jaccob Slavin, Joel Edmundson, Nikita Zaitsev - PP : Thomas Chabot - PK : Jaccob Slavin, Erik Cernak
Penalty Shots
Alexander Wennberg, Andre Burakovsky, T.J. Oshie, Taylor Hall, Josh Anderson
Philadelphia Flyers
5 vs 5 Forward
Center Left Wing Right Wing Time % Phy DF OF
1 Auston Matthews Marcus Johansson Matt Duchene 25 1 1 3
2 Elias Lindholm Max Pacioretty Vladimir Tarasenko 25 1 1 3
3 Matthew Peca Sonny Milano Bryan Rust 25 1 2 2
4 Radek Faksa Mackenzie MacEachern Jesper Fast 25 1 2 2
5 vs 5 Defense
Defense Defense Time % Phy DF OF
1 Justin Faulk Artem Zub 35 1 2 2
2 Matt Roy Ben Chiarot 35 1 2 2
3 Scott Harrington Oliver Ekman-Larsson 30 1 2 2
4 Justin Faulk Artem Zub 0 1 2 2
PowerPlay Forward
Center Left Wing Right Wing Time % Phy DF OF
1 Auston Matthews Max Pacioretty Matt Duchene 50 0 1 4
2 Elias Lindholm Vladimir Tarasenko Bryan Rust 50 0 1 4
PowerPlay Defense
Defense Defense Time % Phy DF OF
1 Justin Faulk Oliver Ekman-Larsson 50 0 2 3
2 Matt Roy Ben Chiarot 50 0 2 3
Penalty Kill 4 Players Forward
Center Wing Time % Phy DF OF
1 Radek Faksa Bryan Rust 50 0 4 1
2 Elias Lindholm Jesper Fast 50 0 4 1
Penalty Kill 4 Players Defense
Defense Defense Time % Phy DF OF
1 Ben Chiarot Matt Roy 50 0 5 0
2 Artem Zub Justin Faulk 50 0 5 0
Penalty Kill - 3 Players Forward
Forward Time % Phy DF OF
1 Radek Faksa 50 0 5 0
2 Elias Lindholm 50 0 5 0
Penalty Kill - 3 Players Defense
Defense Defense Time % Phy DF OF
1 Ben Chiarot Matt Roy 50 0 5 0
2 Artem Zub Justin Faulk 50 0 5 0
4 vs 4 Forward
Center Wing Time % Phy DF OF
1 Auston Matthews Vladimir Tarasenko 50 0 2 3
2 Elias Lindholm Matt Duchene 50 0 2 3
4 vs 4 Defense
Defense Defense Time % Phy DF OF
1 Justin Faulk Artem Zub 50 1 2 2
2 Matt Roy Ben Chiarot 50 1 2 2
Last Minutes Offensive
Center Left Wing Right Wing Defense Defense
Auston Matthews Elias Lindholm Matt Duchene Justin Faulk Oliver Ekman-Larsson
Last Minutes Defensive
Center Left Wing Right Wing Defense Defense
Elias Lindholm Radek Faksa Jesper Fast Ben Chiarot Matt Roy
Goaltenders
Starting : Connor Ingram
Backup : Jake Allen
Extra Forwards
Normal : Auston Matthews, Elias Lindholm, Matt Duchene - PP : Auston Matthews, Elias Lindholm - PK : Elias Lindholm
Extra Defensemen
Normal : Justin Faulk, Oliver Ekman-Larsson, Matt Roy - PP : Justin Faulk - PK : Ben Chiarot, Matt Roy
Penalty Shots
Auston Matthews, Matt Duchene, Max Pacioretty, Elias Lindholm, Vladimir Tarasenko
% Time on Ice - Hartford Whalers
Lines # - Real PCT - Wanted PCT - Time Play
Normal Forward
1 - 34% - 35% - 15:25
2 - 30% - 30% - 13:33
3 - 22% - 25% - 10:17
4 - 14% - 10% - 6:39
Normal Defense
1 - 39% - 38% - 17:49
2 - 34% - 37% - 15:34
3 - 21% - 25% - 9:45
4 - 6% - 0% - 2:46
PP Forward
1 - 42% - 50% - 1:46
2 - 58% - 50% - 2:25
PP Defense
1 - 68% - 50% - 2:50
2 - 32% - 50% - 1:21
PK Forward
1 - 49% - 50% - 4:51
2 - 51% - 50% - 5:04
PK Defense
1 - 54% - 50% - 5:19
2 - 46% - 50% - 4:36
PK3 Forward
1 - 0% - 50%
2 - 0% - 50%
PK3 Defense
1 - 0% - 50%
2 - 0% - 50%
44 Forward
1 - 0% - 50%
2 - 0% - 50%
44 Defense
1 - 0% - 50%
2 - 0% - 50%
Last Minute Offensive - 0:00
Last Minute Defensive - 0:00
Total
Forward - 60:00
Defense - 60:00
|
% Time on Ice - Philadelphia Flyers
Lines # - Real PCT - Wanted PCT - Time Play
Normal Forward
1 - 23% - 25% - 10:33
2 - 26% - 25% - 12:07
3 - 26% - 25% - 11:43
4 - 25% - 25% - 11:31
Normal Defense
1 - 34% - 35% - 15:44
2 - 35% - 35% - 16:15
3 - 29% - 30% - 13:32
4 - 1% - 0% - 0:23
PP Forward
1 - 52% - 50% - 5:10
2 - 48% - 50% - 4:45
PP Defense
1 - 50% - 50% - 4:59
2 - 50% - 50% - 4:56
PK Forward
1 - 58% - 50% - 2:26
2 - 42% - 50% - 1:45
PK Defense
1 - 64% - 50% - 2:40
2 - 36% - 50% - 1:31
PK3 Forward
1 - 0% - 50%
2 - 0% - 50%
PK3 Defense
1 - 0% - 50%
2 - 0% - 50%
44 Forward
1 - 0% - 50%
2 - 0% - 50%
44 Defense
1 - 0% - 50%
2 - 0% - 50%
Last Minute Offensive - 0:00
Last Minute Defensive - 0:00
Total
Forward - 60:00
Defense - 60:00
|
Play-by-Play
1st period
0:01 of 1st period - Auston Matthews wins face-off versus Alexander Wennberg in neutral zone.
0:43 of 1st period - Artem Zub is hit by Thomas Chabot and loses puck.
1:54 of 1st period - Artem Zub is hit by Olli Maatta and loses puck.
2:13 of 1st period - Artem Zub is hit by Eetu Luostarinen.
4:41 of 1st period - Wrist shot by Vladimir Tarasenko.
4:41 of 1st period - Stopped by Semyon Varlamov without a rebound.
4:42 of 1st period - Matthew Peca wins face-off versus Joshua Norris in Hartford Whalers zone.
5:30 of 1st period - Olli Maatta is hit by Matt Roy and loses puck.
5:53 of 1st period - Olli Maatta is hit by Artem Zub and loses puck.
5:58 of 1st period - Backhand shot by Bryan Rust.
5:58 of 1st period - Shot Blocked by Olli Maatta.
6:25 of 1st period - Wrist shot by Alexis Lafreniere.
6:25 of 1st period - Goal by Alexis Lafreniere - Hartford Whalers : 1 - Philadelphia Flyers : 0.
6:26 of 1st period - Radek Faksa wins face-off versus Casey Cizikas in neutral zone.
6:31 of 1st period - Casey Cizikas is hit by Justin Faulk and loses puck.
6:48 of 1st period - Minor Penalty to Radek Faksa for Hooking.
6:49 of 1st period - Auston Matthews wins face-off versus Alexander Wennberg in Philadelphia Flyers zone.
8:48 of 1st period - Penalty to Radek Faksa is over, Radek Faksa is back on ice.
9:06 of 1st period - Scott Harrington is hit by Marcus Foligno and loses puck.
10:36 of 1st period - Jaccob Slavin is hit by Justin Faulk.
11:07 of 1st period - Minor Penalty to Casey Cizikas for Cross-checking.
11:08 of 1st period - Auston Matthews wins face-off versus Joshua Norris in Hartford Whalers zone.
11:09 of 1st period - Wrist shot by Matt Duchene.
11:09 of 1st period - Stopped by Semyon Varlamov with a rebound.
11:11 of 1st period - Slapshot by Matt Roy.
11:11 of 1st period - Stopped by Semyon Varlamov without a rebound.
11:12 of 1st period - Auston Matthews wins face-off versus Joshua Norris in Hartford Whalers zone.
11:17 of 1st period - Slapshot by Auston Matthews.
11:17 of 1st period - Shot Misses the Net.
11:19 of 1st period - Slapshot by Ben Chiarot.
11:19 of 1st period - Stopped by Semyon Varlamov with a rebound.
11:21 of 1st period - Slapshot by Ben Chiarot.
11:21 of 1st period - Shot Misses the Net.
11:23 of 1st period - Snap shot by Auston Matthews.
11:23 of 1st period - Stopped by Semyon Varlamov without a rebound.
11:24 of 1st period - Alexander Wennberg wins face-off versus Elias Lindholm in Hartford Whalers zone.
11:36 of 1st period - Off-side.
11:37 of 1st period - Josh Anderson wins face-off versus Elias Lindholm in neutral zone.
11:40 of 1st period - Snap shot by Alexander Wennberg.
11:40 of 1st period - Shot Misses the Net.
12:04 of 1st period - Erik Cernak is hit by Oliver Ekman-Larsson and loses puck.
13:07 of 1st period - Penalty to Casey Cizikas is over, Casey Cizikas is back on ice.
13:14 of 1st period - Thomas Chabot is hit by Max Pacioretty and loses puck.
13:45 of 1st period - Matthew Peca is hit by Alexander Wennberg and loses puck.
14:12 of 1st period - Vladimir Tarasenko is hit by Joel Edmundson and loses puck.
14:23 of 1st period - Elias Lindholm is hit by Casey Cizikas and loses puck.
15:04 of 1st period - Artem Zub is hit by Casey Cizikas and loses puck.
15:15 of 1st period - Alexander Wennberg is hit by Artem Zub and loses puck.
15:32 of 1st period - Auston Matthews is hit by Marcus Foligno and loses puck.
15:47 of 1st period - Snap shot by Joshua Norris.
15:47 of 1st period - Stopped by Connor Ingram without a rebound.
15:48 of 1st period - Matthew Peca wins face-off versus Joshua Norris in Philadelphia Flyers zone.
15:48 of 1st period - Matthew Peca is hit by Alexis Lafreniere.
15:54 of 1st period - Erik Cernak is hit by Bryan Rust and loses puck.
16:03 of 1st period - Erik Cernak is hit by Bryan Rust and loses puck.
16:22 of 1st period - Jesper Fast is hit by Andre Burakovsky and loses puck.
16:59 of 1st period - Max Pacioretty is hit by Eetu Luostarinen and loses puck.
17:00 of 1st period - Max Pacioretty from Philadelphia Flyers is injured at 17:00 of 1st period (Right Foot).
17:01 of 1st period - Alexander Wennberg wins face-off versus Auston Matthews in Philadelphia Flyers zone.
17:02 of 1st period - Wrist shot by T.J. Oshie.
17:02 of 1st period - Stopped by Connor Ingram with a rebound.
17:35 of 1st period - Josh Anderson is hit by Bryan Rust and loses puck.
17:59 of 1st period - Snap shot by Mackenzie MacEachern.
17:59 of 1st period - Stopped by Semyon Varlamov with a rebound.
18:23 of 1st period - Wrist shot by Auston Matthews.
18:23 of 1st period - Shot Misses the Net.
18:53 of 1st period - Eetu Luostarinen is hit by Sonny Milano and loses puck.
18:58 of 1st period - Wrist shot by Bryan Rust.
18:58 of 1st period - Shot Misses the Net.
19:58 of 1st period - Josh Anderson is hit by Auston Matthews and loses puck.
Goals for this period are 1 for Hartford Whalers vs 0 for Philadelphia Flyers.
Shots for this period are 3 for Hartford Whalers vs 6 for Philadelphia Flyers.
2nd period
0:01 of 2nd period - Alexander Wennberg wins face-off versus Auston Matthews in neutral zone.
0:16 of 2nd period - Wrist shot by Marcus Johansson.
0:16 of 2nd period - Stopped by Semyon Varlamov with a rebound.
0:55 of 2nd period - Snap shot by Sonny Milano.
0:55 of 2nd period - Shot Misses the Net.
1:34 of 2nd period - Slapshot by T.J. Oshie.
1:34 of 2nd period - Stopped by Connor Ingram with a rebound.
2:06 of 2nd period - Snap shot by Elias Lindholm.
2:06 of 2nd period - Shot Blocked by Andre Burakovsky.
2:08 of 2nd period - Wrist shot by Elias Lindholm.
2:08 of 2nd period - Goal by Elias Lindholm - Hartford Whalers : 1 - Philadelphia Flyers : 1.
2:09 of 2nd period - Auston Matthews wins face-off versus Alexander Wennberg in neutral zone.
2:12 of 2nd period - Jaccob Slavin is hit by Ben Chiarot and loses puck.
2:19 of 2nd period - Wrist shot by Taylor Hall.
2:19 of 2nd period - Stopped by Connor Ingram without a rebound.
2:20 of 2nd period - Auston Matthews wins face-off versus Alexander Wennberg in Philadelphia Flyers zone.
2:56 of 2nd period - Slapshot by Jesper Fast.
2:56 of 2nd period - Stopped by Semyon Varlamov with a rebound.
3:25 of 2nd period - Icing by Joshua Norris.
3:26 of 2nd period - Elias Lindholm wins face-off versus Ryan Strome in Hartford Whalers zone.
4:21 of 2nd period - Wrist shot by Bryan Rust.
4:21 of 2nd period - Shot Misses the Net.
5:01 of 2nd period - Wrist shot by Elias Lindholm.
5:01 of 2nd period - Shot Misses the Net.
5:03 of 2nd period - Minor Penalty to Marcus Foligno for Slashing.
5:04 of 2nd period - Alexander Wennberg wins face-off versus Elias Lindholm in Hartford Whalers zone.
5:19 of 2nd period - Snap shot by Auston Matthews.
5:19 of 2nd period - Shot Misses the Net.
5:21 of 2nd period - Slapshot by Justin Faulk.
5:21 of 2nd period - Shot Blocked by Eetu Luostarinen.
5:31 of 2nd period - Elias Lindholm is hit by Josh Anderson and loses puck.
7:03 of 2nd period - Penalty to Marcus Foligno is over, Marcus Foligno is back on ice.
7:08 of 2nd period - Icing by Alexander Wennberg.
7:09 of 2nd period - Alexander Wennberg wins face-off versus Radek Faksa in Hartford Whalers zone.
8:09 of 2nd period - Icing by Olli Maatta.
8:10 of 2nd period - Radek Faksa wins face-off versus Alexander Wennberg in Hartford Whalers zone.
8:16 of 2nd period - Icing by Alexander Wennberg.
8:17 of 2nd period - Radek Faksa wins face-off versus Alexander Wennberg in Hartford Whalers zone.
8:37 of 2nd period - Snap shot by Alexander Wennberg.
8:37 of 2nd period - Stopped by Connor Ingram without a rebound.
8:38 of 2nd period - Casey Cizikas wins face-off versus Marcus Johansson in Philadelphia Flyers zone.
9:00 of 2nd period - Minor Penalty to Ben Chiarot for Slashing.
9:01 of 2nd period - Joshua Norris wins face-off versus Elias Lindholm in Philadelphia Flyers zone.
9:02 of 2nd period - Slapshot by Andre Burakovsky.
9:02 of 2nd period - Stopped by Connor Ingram without a rebound.
9:03 of 2nd period - Elias Lindholm wins face-off versus Joshua Norris in Philadelphia Flyers zone.
9:12 of 2nd period - Snap shot by Andre Burakovsky.
9:12 of 2nd period - Stopped by Connor Ingram without a rebound.
9:13 of 2nd period - Alexander Wennberg wins face-off versus Elias Lindholm in Philadelphia Flyers zone.
9:46 of 2nd period - Slapshot by Justin Faulk.
9:46 of 2nd period - Stopped by Semyon Varlamov with a rebound.
9:51 of 2nd period - Icing by Andre Burakovsky.
9:52 of 2nd period - Jesper Fast wins face-off versus Joshua Norris in Hartford Whalers zone.
10:11 of 2nd period - Matt Roy is hit by Joshua Norris and loses puck.
10:36 of 2nd period - Snap shot by Andre Burakovsky.
10:36 of 2nd period - Stopped by Connor Ingram with a rebound.
10:38 of 2nd period - Wrist shot by Andre Burakovsky.
10:38 of 2nd period - Deflect By Elias Lindholm.
10:38 of 2nd period - Goal by Andre Burakovsky - Hartford Whalers : 2 - Philadelphia Flyers : 1.
10:39 of 2nd period - Marcus Johansson wins face-off versus Alexander Wennberg in neutral zone.
10:48 of 2nd period - Slapshot by Marcus Johansson.
10:48 of 2nd period - Shot Misses the Net.
10:50 of 2nd period - Slapshot by Scott Harrington.
10:50 of 2nd period - Shot Blocked by Joel Edmundson.
10:52 of 2nd period - Slapshot by Scott Harrington.
10:52 of 2nd period - Deflect By Matt Duchene.
10:52 of 2nd period - Stopped by Semyon Varlamov with a rebound.
10:54 of 2nd period - Wrist shot by Matt Duchene.
10:54 of 2nd period - Stopped by Semyon Varlamov with a rebound.
11:06 of 2nd period - Matthew Peca is hit by Erik Cernak and loses puck.
11:13 of 2nd period - Slapshot by Josh Anderson.
11:13 of 2nd period - Stopped by Connor Ingram with a rebound.
11:37 of 2nd period - Snap shot by Mackenzie MacEachern.
11:37 of 2nd period - Shot Misses the Net.
11:39 of 2nd period - Slapshot by Ben Chiarot.
11:39 of 2nd period - Stopped by Semyon Varlamov without a rebound.
11:40 of 2nd period - Taylor Hall wins face-off versus Auston Matthews in Hartford Whalers zone.
11:45 of 2nd period - Snap shot by Taylor Hall.
11:45 of 2nd period - Stopped by Connor Ingram with a rebound.
11:47 of 2nd period - Snap shot by Alexander Wennberg.
11:47 of 2nd period - Goal by Alexander Wennberg - Hartford Whalers : 3 - Philadelphia Flyers : 1.
11:48 of 2nd period - Marcus Johansson wins face-off versus Taylor Hall in neutral zone.
11:59 of 2nd period - Snap shot by Taylor Hall.
11:59 of 2nd period - Shot Misses the Net.
12:01 of 2nd period - Snap shot by Taylor Hall.
12:01 of 2nd period - Stopped by Connor Ingram without a rebound.
12:02 of 2nd period - Matthew Peca wins face-off versus Joshua Norris in Philadelphia Flyers zone.
13:01 of 2nd period - Minor Penalty to Marcus Foligno for Holding.
13:02 of 2nd period - Elias Lindholm wins face-off versus Alexander Wennberg in Hartford Whalers zone.
13:41 of 2nd period - Snap shot by Auston Matthews.
13:41 of 2nd period - Shot Blocked by Nikita Zaitsev.
13:43 of 2nd period - Snap shot by Matt Duchene.
13:43 of 2nd period - Shot Blocked by Olli Maatta.
13:45 of 2nd period - Slapshot by Oliver Ekman-Larsson.
13:45 of 2nd period - Deflect By Alexander Wennberg.
13:45 of 2nd period - Stopped by Semyon Varlamov with a rebound.
13:56 of 2nd period - Off-side.
13:57 of 2nd period - Casey Cizikas wins face-off versus Elias Lindholm in neutral zone.
14:40 of 2nd period - Slapshot by Vladimir Tarasenko.
14:40 of 2nd period - Stopped by Semyon Varlamov with a rebound.
14:42 of 2nd period - Wrist shot by Elias Lindholm.
14:42 of 2nd period - Shot Misses the Net.
14:44 of 2nd period - Slapshot by Ben Chiarot.
14:44 of 2nd period - Stopped by Semyon Varlamov with a rebound.
14:46 of 2nd period - Slapshot by Matt Roy.
14:46 of 2nd period - Stopped by Semyon Varlamov with a rebound.
14:58 of 2nd period - Snap shot by Matt Roy.
14:58 of 2nd period - Stopped by Semyon Varlamov with a rebound.
15:01 of 2nd period - Penalty to Marcus Foligno is over, Marcus Foligno is back on ice.
15:10 of 2nd period - Snap shot by Vladimir Tarasenko.
15:10 of 2nd period - Shot Misses the Net.
15:12 of 2nd period - Snap shot by Bryan Rust.
15:12 of 2nd period - Deflect By Vladimir Tarasenko.
15:12 of 2nd period - Stopped by Semyon Varlamov with a rebound.
15:14 of 2nd period - Slapshot by Ben Chiarot.
15:14 of 2nd period - Shot Blocked by Eetu Luostarinen.
15:26 of 2nd period - Slapshot by Elias Lindholm.
15:26 of 2nd period - Stopped by Semyon Varlamov without a rebound.
15:27 of 2nd period - Marcus Johansson wins face-off versus Joshua Norris in Hartford Whalers zone.
15:28 of 2nd period - Snap shot by Auston Matthews.
15:28 of 2nd period - Stopped by Semyon Varlamov without a rebound.
15:29 of 2nd period - Joshua Norris wins face-off versus Auston Matthews in Hartford Whalers zone.
15:44 of 2nd period - Wrist shot by Andre Burakovsky.
15:44 of 2nd period - Stopped by Connor Ingram with a rebound.
16:01 of 2nd period - Wrist shot by T.J. Oshie.
16:01 of 2nd period - Stopped by Connor Ingram without a rebound.
16:02 of 2nd period - Casey Cizikas wins face-off versus Radek Faksa in Philadelphia Flyers zone.
16:07 of 2nd period - Wrist shot by Casey Cizikas.
16:07 of 2nd period - Shot Misses the Net.
16:13 of 2nd period - Wrist shot by Josh Anderson.
16:13 of 2nd period - Stopped by Connor Ingram without a rebound.
16:14 of 2nd period - Joshua Norris wins face-off versus Marcus Johansson in Philadelphia Flyers zone.
16:23 of 2nd period - Wrist shot by Andre Burakovsky.
16:23 of 2nd period - Shot Misses the Net.
16:55 of 2nd period - Josh Anderson is hit by Justin Faulk and loses puck.
17:14 of 2nd period - Slapshot by Justin Faulk.
17:14 of 2nd period - Shot Blocked by Joel Edmundson.
17:16 of 2nd period - Slapshot by Bryan Rust.
17:16 of 2nd period - Stopped by Semyon Varlamov without a rebound.
17:17 of 2nd period - Matthew Peca wins face-off versus Joshua Norris in Hartford Whalers zone.
17:22 of 2nd period - Wrist shot by Sonny Milano.
17:22 of 2nd period - Stopped by Semyon Varlamov without a rebound.
17:23 of 2nd period - Joshua Norris wins face-off versus Sonny Milano in Hartford Whalers zone.
17:23 of 2nd period - Joshua Norris is hit by Scott Harrington.
17:33 of 2nd period - Slapshot by Oliver Ekman-Larsson.
17:33 of 2nd period - Deflect By Matthew Peca.
17:33 of 2nd period - Stopped by Semyon Varlamov without a rebound.
17:34 of 2nd period - Elias Lindholm wins face-off versus Alexander Wennberg in Hartford Whalers zone.
18:00 of 2nd period - Andre Burakovsky is hit by Matt Roy and loses puck.
18:10 of 2nd period - Icing by Andre Burakovsky.
18:11 of 2nd period - Radek Faksa wins face-off versus Joshua Norris in Hartford Whalers zone.
18:57 of 2nd period - Slapshot by Thomas Chabot.
18:57 of 2nd period - Shot Misses the Net.
18:59 of 2nd period - Slapshot by T.J. Oshie.
18:59 of 2nd period - Stopped by Connor Ingram with a rebound.
19:09 of 2nd period - Slapshot by T.J. Oshie.
19:09 of 2nd period - Stopped by Connor Ingram with a rebound.
19:21 of 2nd period - Snap shot by Radek Faksa.
19:21 of 2nd period - Shot Misses the Net.
19:23 of 2nd period - Snap shot by Jesper Fast.
19:23 of 2nd period - Stopped by Semyon Varlamov with a rebound.
19:43 of 2nd period - Snap shot by Mike Hoffman.
19:43 of 2nd period - Stopped by Connor Ingram with a rebound.
19:48 of 2nd period - Sonny Milano beats up Marcus Foligno.
19:48 of 2nd period - Penalty to Sonny Milano for Fighting.
19:48 of 2nd period - Penalty to Marcus Foligno for Fighting.
19:48 of 2nd period - Penalty to Marcus Foligno for instigated a fight.
19:48 of 2nd period - Penalty to Marcus Foligno for instigated a fight.
19:49 of 2nd period - Auston Matthews wins face-off versus Casey Cizikas in neutral zone.
Goals for this period are 2 for Hartford Whalers vs 1 for Philadelphia Flyers.
Shots for this period are 17 for Hartford Whalers vs 19 for Philadelphia Flyers.
3rd period
0:01 of 3rd period - Josh Anderson wins face-off versus Auston Matthews in neutral zone.
0:06 of 3rd period - Slapshot by Josh Anderson.
0:06 of 3rd period - Deflect By Alexander Wennberg.
0:06 of 3rd period - Shot Misses the Net.
0:06 of 3rd period - Puck is out of play.
0:07 of 3rd period - Auston Matthews wins face-off versus Alexander Wennberg in Philadelphia Flyers zone.
0:28 of 3rd period - Wrist shot by Alexander Wennberg.
0:28 of 3rd period - Shot Misses the Net.
0:30 of 3rd period - Slapshot by Olli Maatta.
0:30 of 3rd period - Stopped by Connor Ingram with a rebound.
0:32 of 3rd period - Snap shot by Alexander Wennberg.
0:32 of 3rd period - Shot Misses the Net.
0:34 of 3rd period - Snap shot by Josh Anderson.
0:34 of 3rd period - Shot Blocked by Justin Faulk.
0:36 of 3rd period - Slapshot by Olli Maatta.
0:36 of 3rd period - Stopped by Connor Ingram with a rebound.
0:38 of 3rd period - Wrist shot by Alexander Wennberg.
0:38 of 3rd period - Goal by Alexander Wennberg - Hartford Whalers : 4 - Philadelphia Flyers : 1.
0:39 of 3rd period - Elias Lindholm wins face-off versus Casey Cizikas in neutral zone.
1:06 of 3rd period - Joel Edmundson is hit by Matt Roy and loses puck.
1:48 of 3rd period - Penalty to Marcus Foligno is over, Alexis Lafreniere is send on ice.
1:53 of 3rd period - Alexander Wennberg is hit by Mackenzie MacEachern and loses puck.
2:21 of 3rd period - Minor Penalty to Joel Edmundson for Hooking.
2:22 of 3rd period - Casey Cizikas wins face-off versus Vladimir Tarasenko in Hartford Whalers zone.
2:36 of 3rd period - Snap shot by Casey Cizikas.
2:36 of 3rd period - Stopped by Connor Ingram without a rebound.
2:37 of 3rd period - Alexander Wennberg wins face-off versus Auston Matthews in Philadelphia Flyers zone.
2:44 of 3rd period - Alexander Wennberg is hit by Auston Matthews and loses puck.
2:59 of 3rd period - Oliver Ekman-Larsson is hit by Josh Anderson and loses puck.
3:07 of 3rd period - Off-side.
3:08 of 3rd period - Casey Cizikas wins face-off versus Elias Lindholm in neutral zone.
3:47 of 3rd period - Jaccob Slavin is hit by Auston Matthews and loses puck.
4:08 of 3rd period - Nikita Zaitsev is hit by Oliver Ekman-Larsson and loses puck.
4:21 of 3rd period - Penalty to Joel Edmundson is over, Joel Edmundson is back on ice.
4:45 of 3rd period - Minor Penalty to Jesper Fast for Hooking.
4:46 of 3rd period - Radek Faksa wins face-off versus T.J. Oshie in Philadelphia Flyers zone.
4:46 of 3rd period - Radek Faksa is hit by Thomas Chabot.
4:48 of 3rd period - Penalty to Sonny Milano is over, Sonny Milano is back on ice.
5:12 of 3rd period - Ben Chiarot is hit by Joshua Norris and loses puck.
5:19 of 3rd period - Slapshot by Joshua Norris.
5:19 of 3rd period - Goal by Joshua Norris - Hartford Whalers : 5 - Philadelphia Flyers : 1.
5:20 of 3rd period - Vladimir Tarasenko wins face-off versus Alexander Wennberg in neutral zone.
5:32 of 3rd period - Icing by Taylor Hall.
5:33 of 3rd period - Taylor Hall wins face-off versus Auston Matthews in Hartford Whalers zone.
5:33 of 3rd period - Taylor Hall is hit by Oliver Ekman-Larsson.
6:02 of 3rd period - Snap shot by Alexander Wennberg.
6:02 of 3rd period - Stopped by Connor Ingram with a rebound.
6:04 of 3rd period - Snap shot by Alexander Wennberg.
6:04 of 3rd period - Shot Blocked by Oliver Ekman-Larsson.
6:06 of 3rd period - Wrist shot by Alexander Wennberg.
6:06 of 3rd period - Shot Blocked by Oliver Ekman-Larsson.
6:14 of 3rd period - Wrist shot by Alexander Wennberg.
6:14 of 3rd period - Shot Blocked by Oliver Ekman-Larsson.
6:16 of 3rd period - Slapshot by Erik Cernak.
6:16 of 3rd period - Stopped by Connor Ingram with a rebound.
6:18 of 3rd period - Backhand shot by T.J. Oshie.
6:18 of 3rd period - Stopped by Connor Ingram without a rebound.
6:19 of 3rd period - Elias Lindholm wins face-off versus Casey Cizikas in Philadelphia Flyers zone.
6:46 of 3rd period - Icing by Sonny Milano.
6:47 of 3rd period - Casey Cizikas wins face-off versus Sonny Milano in Philadelphia Flyers zone.
8:02 of 3rd period - Backhand shot by Eetu Luostarinen.
8:02 of 3rd period - Stopped by Connor Ingram with a rebound.
8:12 of 3rd period - Radek Faksa is hit by Andre Burakovsky and loses puck.
8:27 of 3rd period - Slapshot by Justin Faulk.
8:27 of 3rd period - Stopped by Semyon Varlamov with a rebound.
9:05 of 3rd period - Slapshot by Alexander Wennberg.
9:05 of 3rd period - Deflect By Taylor Hall.
9:05 of 3rd period - Shot Blocked by Matt Roy.
9:05 of 3rd period - Puck is out of play.
9:06 of 3rd period - Radek Faksa wins face-off versus Alexander Wennberg in Philadelphia Flyers zone.
9:10 of 3rd period - Oliver Ekman-Larsson is hit by T.J. Oshie and loses puck.
9:14 of 3rd period - Oliver Ekman-Larsson is hit by Joel Edmundson and loses puck.
9:19 of 3rd period - Alexander Wennberg is hit by Radek Faksa and loses puck.
9:30 of 3rd period - Matthew Peca is hit by Joel Edmundson and loses puck.
9:40 of 3rd period - Off-side.
9:41 of 3rd period - Joshua Norris wins face-off versus Elias Lindholm in neutral zone.
9:54 of 3rd period - Wrist shot by Andre Burakovsky.
9:54 of 3rd period - Shot Blocked by Ben Chiarot.
10:08 of 3rd period - Icing by Jaccob Slavin.
10:09 of 3rd period - Radek Faksa wins face-off versus Joshua Norris in Hartford Whalers zone.
10:31 of 3rd period - Snap shot by Thomas Chabot.
10:31 of 3rd period - Shot Blocked by Scott Harrington.
11:24 of 3rd period - Icing by Andre Burakovsky.
11:25 of 3rd period - Elias Lindholm wins face-off versus Joshua Norris in Hartford Whalers zone.
11:28 of 3rd period - Snap shot by Auston Matthews.
11:28 of 3rd period - Shot Misses the Net.
11:48 of 3rd period - Slapshot by Andre Burakovsky.
11:48 of 3rd period - Shot Misses the Net.
11:50 of 3rd period - Slapshot by Jaccob Slavin.
11:50 of 3rd period - Deflect By Andre Burakovsky.
11:50 of 3rd period - Shot Misses the Net.
11:50 of 3rd period - Puck is out of play.
11:51 of 3rd period - Taylor Hall wins face-off versus Radek Faksa in Philadelphia Flyers zone.
11:52 of 3rd period - Snap shot by T.J. Oshie.
11:52 of 3rd period - Stopped by Connor Ingram with a rebound.
11:54 of 3rd period - Snap shot by T.J. Oshie.
11:54 of 3rd period - Stopped by Connor Ingram with a rebound.
11:56 of 3rd period - Slapshot by T.J. Oshie.
11:56 of 3rd period - Shot Misses the Net.
11:58 of 3rd period - Wrist shot by T.J. Oshie.
11:58 of 3rd period - Shot Blocked by Matt Roy.
12:00 of 3rd period - Snap shot by Alexander Wennberg.
12:00 of 3rd period - Shot Blocked by Jesper Fast.
12:02 of 3rd period - Wrist shot by Erik Cernak.
12:02 of 3rd period - Stopped by Connor Ingram with a rebound.
12:04 of 3rd period - Wrist shot by Taylor Hall.
12:04 of 3rd period - Shot Misses the Net.
12:06 of 3rd period - Slapshot by Erik Cernak.
12:06 of 3rd period - Deflect By Alexander Wennberg.
12:06 of 3rd period - Shot Blocked by Matt Roy.
12:06 of 3rd period - Puck is out of play.
12:07 of 3rd period - Bryan Rust wins face-off versus Casey Cizikas in Philadelphia Flyers zone.
12:18 of 3rd period - Wrist shot by Bryan Rust.
12:18 of 3rd period - Stopped by Semyon Varlamov without a rebound.
12:19 of 3rd period - Alexander Wennberg wins face-off versus Auston Matthews in Hartford Whalers zone.
12:46 of 3rd period - Icing by Erik Cernak.
12:47 of 3rd period - Elias Lindholm wins face-off versus Casey Cizikas in Hartford Whalers zone.
13:39 of 3rd period - Snap shot by Andre Burakovsky.
13:39 of 3rd period - Stopped by Connor Ingram with a rebound.
13:41 of 3rd period - Snap shot by Jaccob Slavin.
13:41 of 3rd period - Stopped by Connor Ingram with a rebound.
14:48 of 3rd period - 10 Minutes Misconduct Penalty to Marcus Foligno is over.
15:33 of 3rd period - Wrist shot by Taylor Hall.
15:33 of 3rd period - Shot Misses the Net.
15:35 of 3rd period - Snap shot by Joel Edmundson.
15:35 of 3rd period - Deflect By Taylor Hall.
15:35 of 3rd period - Stopped by Connor Ingram without a rebound.
15:36 of 3rd period - Alexander Wennberg wins face-off versus Radek Faksa in Philadelphia Flyers zone.
15:39 of 3rd period - Wrist shot by Alexander Wennberg.
15:39 of 3rd period - Stopped by Connor Ingram without a rebound.
15:40 of 3rd period - Matthew Peca wins face-off versus Alexander Wennberg in Philadelphia Flyers zone.
16:10 of 3rd period - Snap shot by Taylor Hall.
16:10 of 3rd period - Stopped by Connor Ingram without a rebound.
16:11 of 3rd period - Auston Matthews wins face-off versus Casey Cizikas in Philadelphia Flyers zone.
16:11 of 3rd period - Auston Matthews is hit by Josh Anderson.
16:59 of 3rd period - Slapshot by Olli Maatta.
16:59 of 3rd period - Deflect By Alexander Wennberg.
16:59 of 3rd period - Shot Misses the Net.
16:59 of 3rd period - Puck is out of play.
17:00 of 3rd period - Alexander Wennberg wins face-off versus Auston Matthews in Philadelphia Flyers zone.
17:22 of 3rd period - Icing by Justin Faulk.
17:23 of 3rd period - Elias Lindholm wins face-off versus Casey Cizikas in Philadelphia Flyers zone.
17:52 of 3rd period - Off-side.
17:53 of 3rd period - Taylor Hall wins face-off versus Auston Matthews in neutral zone.
19:11 of 3rd period - Vladimir Tarasenko is hit by Mike Hoffman and loses puck.
19:28 of 3rd period - Slapshot by Ben Chiarot.
19:28 of 3rd period - Shot Blocked by Erik Cernak.
19:30 of 3rd period - Snap shot by Elias Lindholm.
19:30 of 3rd period - Shot Misses the Net.
19:32 of 3rd period - Wrist shot by Elias Lindholm.
19:32 of 3rd period - Shot Misses the Net.
19:34 of 3rd period - Snap shot by Matt Roy.
19:34 of 3rd period - Stopped by Semyon Varlamov with a rebound.
19:36 of 3rd period - Slapshot by Matt Roy.
19:36 of 3rd period - Shot Blocked by Erik Cernak.
19:38 of 3rd period - Slapshot by Ben Chiarot.
19:38 of 3rd period - Shot Blocked by Eetu Luostarinen.
19:40 of 3rd period - Snap shot by Elias Lindholm.
19:40 of 3rd period - Stopped by Semyon Varlamov without a rebound.
19:41 of 3rd period - T.J. Oshie wins face-off versus Matthew Peca in Hartford Whalers zone.
Goals for this period are 2 for Hartford Whalers vs 0 for Philadelphia Flyers.
Shots for this period are 17 for Hartford Whalers vs 4 for Philadelphia Flyers.
Back to the Top